 Dungeon Crawl Stone Soup version 0.31-a0-986-g5e6e4ef867 (webtiles) character file.

Game seed: 13945749176819450588

1892 pokeman the Thaumaturge (level 8, -3/45 HPs)
             Began as a Deep Elf Hedge Wizard on Nov 19, 2023.
             Was an Initiate of Vehumet.
             Killed from afar by an acid dragon (20 damage)
             ... with a splash of acid
             ... on level 6 of the Dungeon.
             The game lasted 00:10:49 (6598 turns).

pokeman the Thaumaturge (Deep Elf Hedge Wizard)     Turns: 6598, Time: 00:10:49

Health: -3/45      AC:  6    Str: 10    XL:     8   Next: 93%
Magic:  10/25      EV: 13    Int: 22    God:    Vehumet [......]
Gold:   173        SH:  0    Dex: 17    Spells: 21/29 levels left

rFire   . . .        t - +9 short sword "Muxoog" {speed, Str+3 Dex+3}
rCold   . . .        (no shield)
rNeg    . . .        p - +1 robe {Will+}
rPois   .            g - +0 helmet
rElec   .            m - +0 cloak
rCorr   .            (no gloves)
SInv    .            j - +0 pair of boots
Will    +....        (no amulet)
Stlth   ++           k - +4 ring of slaying
HPRegen 0.27/turn    (no ring)
MPRegen 0.19/turn

%: no passive effects
@: no status effects
A: no striking features
a: Renounce Religion


You were on level 6 of the Dungeon.
You worshipped Vehumet.
Vehumet was noncommittal.
You visited 2 branches of the dungeon, and saw 7 of its levels.

You collected 173 gold pieces.

Inventory:

Hand Weapons
 l - the +6 whip of Conformity {heavy, rN+}
   (You found it on level 3 of the Dungeon)

   rN+:       It protects you from negative energy.
 t - the +9 short sword "Muxoog" (weapon) {speed, Str+3 Dex+3}
   (You found it on level 5 of the Dungeon)

   Str+3:     It affects your strength (+3).
   Dex+3:     It affects your dexterity (+3).
Armour
 g - a +0 helmet (worn)
 j - a +0 pair of boots (worn)
 m - a +0 cloak (worn)
 p - a +1 robe of willpower (worn)
Jewellery
 k - a +4 ring of slaying (left hand)
Wands
 o - a wand of paralysis (4)
Scrolls
 a - 4 scrolls of teleportation {unknown}
 b - a scroll of poison {unknown}
 c - 2 scrolls of identify {unknown}
 e - 2 scrolls of enchant armour {unknown}
 f - 2 scrolls of vulnerability {unknown}
 n - 3 scrolls of noise {unknown}
Potions
 d - a potion of magic
 h - a potion of mutation {unknown}
 i - a potion of berserk rage {unknown}
 q - a potion of might {unknown}
 r - a potion of heal wounds {unknown}
 s - 2 potions of ambrosia {unknown}


   Skills:
 + Level 2.9 Fighting
 - Level 3.0 Armour
 - Level 3.0 Dodging
 - Level 3.0 Stealth
 * Level 11.2 Spellcasting
 + Level 6.1 Conjurations
 - Level 1.1 Summonings
 - Level 1.1 Translocations
 - Level 1.0 Air Magic
 - Level 1.0 Poison Magic
 - Level 1.2 Evocations


You had 21 spell levels left.
You knew the following spells:

 Your Spells              Type           Power      Damage    Failure   Level
a - Magic Dart            Conj           100%       1d8       1%          1
b - Mephitic Cloud        Conj/Pois/Air  24%        N/A       5%          3
c - Call Imp              Summ           34%        N/A       5%          2
d - Blink                 Tloc           34%        N/A       5%          2

Your spell library contained the following spells:

 Spells                   Type           Power      Damage    Failure   Level
 Slow                     Hex            48%        N/A       5%          1
 Cigotuvi's Dreadful Rot  Necr/Pois/Air  30%        N/A       6%          2
 Call Canine Familiar     Summ           17%        N/A       11%         3
 Frozen Ramparts          Ice            24%        1d4       16%         3
 Sigil of Binding         Hex            12%        N/A       16%         3
 Dimensional Bullseye     Hex/Tloc       7%         N/A       38%         4
 Leda's Liquefaction      Hex/Erth       6%         N/A       47%         4
 Petrify                  Tmut/Erth      12%        N/A       47%         4
 Metabolic Englaciation   Hex/Ice        6%         N/A       83%         5


Dungeon Overview and Level Annotations

Branches:
Dungeon (6/15)             Temple (1/1) D:5

Altars:
Ashenzari
Cheibriados
Dithmenos
Elyvilon
Fedhas
Gozag
Hepliaklqana
Makhleb
Nemelex Xobeh
Okawaru
Qazlal
Ru
Sif Muna
Uskayaw
Vehumet
Wu Jian
Yredelemnul
Zin
The Shining One

Annotations:
D:6 Edmund


Message History

Unknown command.
You hit the scorpion.
You kill the scorpion!
Vehumet accepts your kill.
The iguana is engulfed in noxious fumes.
The iguana appears confused.
The iguana barely misses itself.
Unknown command.
The iguana is engulfed in noxious fumes.
The iguana appears confused.
You hit the iguana.
The iguana is moderately wounded.
The iguana bites you!
Unknown command.
You hit the iguana.
The iguana is severely wounded.
You catch the helpless iguana completely off-guard!
You hit the iguana.
You kill the iguana!
Vehumet accepts your kill. The acid dragon spits acid at you.
The splash of acid hits you!
Edmund is engulfed in noxious fumes.
Edmund appears confused.
Casting: Mephitic Cloud (dangerous; 5% risk of failure)
Confirm with . or Enter, or press ? or * to list all spells.
Aiming: Mephitic Cloud (dangerous; 5% risk of failure)
Press: ? - help, Shift-Dir - straight line, f - Edmund
Aim: Edmund, wielding a +1 dire flail of holy wrath, wearing a +2 leather armour of fire resistance and carrying a wand of flame (confused, chance to affect: 81%)
The ball explodes into a vile cloud!
The stinking cloud engulfs Edmund but does no damage.
The stinking cloud engulfs you but does no damage.
The stinking cloud engulfs the acid dragon but does no damage.
You are engulfed in noxious fumes.
You choke on the stench!
You are confused.
Edmund is engulfed in noxious fumes.
Edmund appears confused.
Unknown command.
Unknown command.
You feel less confused. The acid dragon spits acid at you.
The splash of acid hits you!!
You die...

#####..ss.
.......<..
.)........
#.......#..
......... ## ..
....... #########@#
.#.....
#......○☼○#..##..)..
#.....@☼D...# ......
#........####
#........#
##########


You could see Edmund (confused) and an acid dragon (catching breath).

Vanquished Creatures
  Pikel (D:4)
  Grinder (D:4)
  Sigmund (D:4)
  A steam dragon (D:5)
  Menkaure (D:4)
  An ogre (D:4)
  A bullfrog (D:5)
  A scorpion (D:6)
  A howler monkey (D:6)
  A jelly (D:5)
  4 hounds
  A gnoll bouda (D:4)
  4 iguanas
  A sleepcap (D:5)
  3 orc wizards
  Robin (D:2)
  9 gnolls
  4 adders
  2 worms
  7 orcs
  3 endoplasms
  2 giant cockroaches
  12 hobgoblins
  7 quokkas
  3 ball pythons
  5 bats
  4 frilled lizards
  15 goblins
  7 kobolds
  9 rats
113 creatures vanquished.

Vanquished Creatures (collateral kills)
  A goblin (D:2)
  A hobgoblin (D:2)
  3 jackals (D:4)
5 creatures vanquished.

Grand Total: 118 creatures vanquished

Notes
Turn   | Place    | Note
-------+----------+-------------------------------------------
     0 | D:1      | pokeman the Deep Elf Hedge Wizard began the quest for the
                  | Orb.
     0 | D:1      | Reached XP level 1. HP: 10/10 MP: 7/7
   203 | D:1      | Reached XP level 2. HP: 15/15 MP: 5/9
   966 | D:1      | Reached skill level 5 in Spellcasting
  1239 | D:2      | Reached XP level 3. HP: 19/20 MP: 5/11
  1251 | D:1      | Learned a level 3 spell: Mephitic Cloud
  1254 | D:1      | Learned a level 2 spell: Call Imp
  1257 | D:1      | Learned a level 2 spell: Blink
  1467 | D:2      | Noticed Robin
  1607 | D:2      | Killed Robin
  1608 | D:2      | Reached skill level 1 in Fighting
  1608 | D:2      | Reached skill level 1 in Armour
  1870 | D:2      | Reached XP level 4. HP: 25/25 MP: 10/13
  2774 | D:3      | Identified the +6 whip of Conformity {heavy, rN+}
  2896 | D:3      | Found a faded altar of an unknown god.
  3047 | D:3      | Reached skill level 6 in Spellcasting
  3288 | D:3      | Reached XP level 5. HP: 29/29 MP: 8/15
  3926 | D:4      | Reached skill level 1 in Air Magic
  3926 | D:4      | Reached skill level 1 in Poison Magic
  3931 | D:4      | Reached XP level 6. HP: 30/34 MP: 3/17
  3969 | D:4      | Noticed Sigmund
  3988 | D:4      | Killed Sigmund
  3989 | D:4      | Reached skill level 7 in Spellcasting
  4211 | D:4      | Noticed Menkaure
  4217 | D:4      | Killed Menkaure
  4218 | D:4      | Reached XP level 7. HP: 40/40 MP: 14/20
  4225 | D:4      | Noticed Pikel
  4238 | D:4      | Reached skill level 8 in Spellcasting
  4243 | D:4      | Killed Pikel
  4244 | D:4      | Reached skill level 9 in Spellcasting
  4244 | D:4      | Reached XP level 8. HP: 44/44 MP: 10/23
  4329 | D:4      | Found a snail-covered altar of Cheibriados.
  4441 | D:4      | Reached skill level 5 in Conjurations
  4686 | D:4      | Noticed Grinder
  4726 | D:4      | Killed Grinder
  4727 | D:4      | Reached skill level 10 in Spellcasting
  5239 | D:5      | Entered Level 5 of the Dungeon
  5413 | D:5      | Identified the +9 short sword "Muxoog" {speed, Str+3 Dex+3}
  5642 | D:5      | Found a stormy altar of Qazlal.
  5642 | D:5      | Found a broken altar of Ashenzari.
  5643 | D:5      | Found a glowing silver altar of Zin.
  5754 | D:5      | Found a staircase to the Ecumenical Temple.
  5759 | Temple   | Entered the Ecumenical Temple
  5766 | Temple   | Became a worshipper of Vehumet
  6158 | D:5      | Reached skill level 1 in Evocations
  6324 | D:5      | Reached skill level 11 in Spellcasting
  6450 | D:6      | Noticed Edmund
  6598 | D:6      | Killed from afar by an acid dragon

Illustrated notes

Levels and vault maps discovered:
D:1:      dpeg_arrival_tiny_d, layout_loops_cross, chequers_jeans,
          roderic_serpentine_path
D:2:      wad_woods_settlement, layout_rooms, uniq_robin
D:3:      layout_basic, dreamdust_ecumenical_altar_hidden_monk_grotto
D:4:      layout_basic, mainiacjoe_overflow_alcove_4, uniq_sigmund,
          uniq_menkaure, uniq_pikel, uniq_grinder
D:5:      layout_loops_ring, gammafunk_temple_overflow_claw,
          minmay_temple_entry_butterflies, minivault_24
D:6:      layout_rooms, xom_redecorated, patterned_corridor, uniq_edmund,
          uniq_blork_the_orc
Temple:   nicolae_temple_no_exploring_needed

Skill      XL: |  1  2  3  4  5  6  7  8 |
---------------+-------------------------+-----
Spellcasting   | 5 6 7 9 11 | 11.2
Fighting       | 1 2 |  2.9
Armour         | 1 2 3 |  3.0
Conjurations   | 2 3 4 6 |  6.1
Stealth        | 3 |  3.0
Dodging        | 3 |  3.0
Air Magic      | 1 |  1.0
Poison Magic   | 1 |  1.0
Evocations     | 1 |  1.2
Summonings     | |  1.1
Translocations | |  1.1

Action                     |  1- 3 |  4- 6 |  7- 9 || total
---------------------------+-------+-------+-------++-------
  Melee: Dagger            |    28 |     1 |       ||    29
         Whip              |       |    14 |    15 ||    29
         Short sword       |       |       |    26 ||    26
   Cast: Magic Dart        |   115 |    94 |    84 ||   293
         Call Imp          |     2 |       |     4 ||     6
         Mephitic Cloud    |     1 |     6 |     8 ||    15
         Blink             |       |       |     3 ||     3
  Evoke: Wand              |       |       |     1 ||     1
   Stab: Confused          |     1 |     1 |     6 ||     8
         Sleeping          |       |       |     1 ||     1
 Armour: Robe              |    25 |    23 |    50 ||    98
  Dodge: Dodged            |    30 |    32 |    44 ||   106

Table legend: (Time is in decaauts)
 A = Elapsed time spent in this place.
 B = Non-inter-level travel time spent in this place.
 C = Inter-level travel time spent in this place.
 D = Time resting spent in this place.
 E = Time spent auto-exploring this place.
 F = Levels seen in this place.
 G = Mean time per level.
                   A        B        C        D        E       F      G
               +--------+--------+--------+--------+--------+-----+--------+
         Total |   6611 |   6435 |    176 |    536 |   5075 |   7 |  944.4 |
       Dungeon |   6596 |   6426 |    170 |    536 |   5075 |   6 | 1099.3 |
        Temple |     14 |      8 |      6 |      0 |      0 |   1 |   14.0 |
               +--------+--------+--------+--------+--------+-----+--------+

Top non-repeatable levels by time:
     D:4: 1488 daAuts
     D:1: 1412 daAuts
     D:5: 1297 daAuts
     D:2: 1251 daAuts
     D:3: 1105 daAuts
     D:6: 42 daAuts
  Temple: 14 daAuts
